AoeStats
← Matsko

Arena

509998141Analyzed
4v4 RM · 2d ago on Sep 29, 2026· 42m 46s· 8 players
Game mode
Random Map
Map size
Large (8 player)
Population
200
Speed
Normal
Resources
Standard
Victory
Conquest
Starting age
Dark Age
Ending age
Imperial Age
RankedLock teamsTeams togetherTeam positionsShared explorationLock speedFull tech treeHidden civsTurbo modeCheats
Victory
Defeat
🇺🇸 Spanish · United States
1059
+13
1002
+16
🇨🇦 Japanese · Canada
979
+17
🇨🇦 Italians · Canada
870
+21
🇳🇱 Teutons · Netherlands
1000
-51
🇨🇴 Vietnamese · Colombia
996
-17
🇲🇽 Slavs · Mexico
992
-17
🇨🇳 Danes · China
984
-16
Matsko
11:42 Feudal Age
13:00 Wheelbarrow
12:33 Double-Bit Axe
13:45 Horse Collar
17:07 Gold Mining
23:59 Castle Age
23:25 Forging
23:21 Scale Mail Armor
26:11 Man-at-Arms
26:38 Gambesons
太原老登
10:47 Feudal Age
16:44 Castle Age
14:52 Loom
15:08 Double-Bit Axe
15:05 Horse Collar
23:13 Heavy Plow
26:06 Gambesons
26:21 Squires
28:25 Hamask
34:07 Imperial Age
31:51 Bow Saw
31:48 Gold Mining
32:25 Forging
32:16 Scale Mail Armor
33:26 Wheelbarrow
34:12 Gold Shaft Mining
33:31 Stone Mining
34:18 Iron Casting
34:26 Elite Jomsviking
35:34 Conscription
35:51 Chain Mail Armor
35:10 Northmen's Fury
36:08 Arson
37:04 Hoardings
37:46 Murder Holes
39:23 Hand Cart
Crispocivil
7:09 Loom
10:04 Feudal Age
10:40 Double-Bit Axe
10:55 Horse Collar
14:24 Wheelbarrow
18:10 Castle Age
17:14 Stone Mining
19:42 Heavy Plow
19:58 Bow Saw
28:47 Imperial Age
27:19 Forging
27:15 Scale Barding Armor
28:32 Detinets
30:00 Conscription
29:58 Bloodlines
31:32 Iron Casting
31:28 Hand Cart
31:05 Light Cavalry
31:46 Husbandry
33:05 Two-Man Saw
32:06 Gold Mining
34:22 Blast Furnace
34:49 Gold Shaft Mining
34:08 Capped Ram
35:55 Chain Barding Armor
35:26 Fletching
34:59 Hussar
37:22 Plate Barding Armor
36:47 Town Watch
36:59 Siege Ram
38:14 Elite Boyar
39:48 Siege Engineers
40:44 Chemistry
Tutmosis
9:45 Feudal Age
14:49 Castle Age
13:31 Double-Bit Axe
13:30 Horse Collar
15:53 Wheelbarrow
16:40 Heavy Plow
21:47 Hand Cart
23:47 Gold Mining
23:59 Stone Mining
25:21 Fletching
𝕬𝟏𝖀𝟒𝕯𝟖𝖀𝟖
4:33 Loom
11:45 Feudal Age
13:54 Wheelbarrow
13:04 Town Watch
17:24 Castle Age
15:23 Double-Bit Axe
15:29 Horse Collar
29:00 Stone Mining
29:01 Gold Mining
29:14 Heavy Plow
29:25 Bow Saw
30:07 Squires
29:52 Gambesons
29:52 Arson
30:11 Scale Mail Armor
31:53 Stone Shaft Mining
31:53 Gold Shaft Mining
32:16 Hand Cart
32:03 Town Patrol
33:19 Forging
35:53 Imperial Age
33:35 Forging
33:42 Chain Mail Armor
35:15 Ballistics
35:05 Masonry
35:06 Careening
34:54 Murder Holes
35:48 Iron Casting
36:00 Capped Ram
37:03 Conscription
38:00 Iron Casting
37:56 Plate Mail Armor
37:07 Siege Ram
39:19 Chemistry
38:25 Siege Engineers
40:08 Blast Furnace
38:32 Northmen's Fury
38:34 Elite Jomsviking
38:45 Elite Jomsviking
38:46 Northmen's Fury
41:36 Hoardings
42:34 Spies/Treason
DerkerTheBerserker
1:26 Loom
10:41 Feudal Age
15:55 Castle Age
13:57 Double-Bit Axe
17:12 Bow Saw
19:48 Horse Collar
21:06 Wheelbarrow
21:39 Heavy Plow
23:06 Hand Cart
24:12 Stone Mining
24:13 Gold Mining
26:04 Stone Shaft Mining
26:55 Masonry
26:55 Fortified Wall
26:54 Scale Mail Armor
27:04 Forging
26:59 Scale Barding Armor
27:26 Town Watch
28:37 Pikeman
29:17 Squires
29:03 Arson
32:45 Imperial Age
31:35 Bloodlines
31:26 Husbandry
30:46 Light Cavalry
32:25 Chain Mail Armor
32:45 Iron Casting
32:32 Chain Barding Armor
33:37 Cavalier
34:45 Conscription
35:33 Chemistry
35:05 Architecture
35:01 Ballistics
34:46 Town Patrol
35:51 Blast Furnace
36:29 Plate Mail Armor
36:34 Plate Barding Armor
35:56 Halberdier
38:22 Paladin
40:16 Hoardings
AllBirds
11:37 Feudal Age
12:19 Double-Bit Axe
14:10 Loom
17:18 Castle Age
15:23 Horse Collar
17:07 Gold Mining
19:00 Arson
19:19 Squires
19:48 Gambesons
20:35 Scale Mail Armor
20:18 Man-at-Arms
21:46 Long Swordsman
26:33 Wheelbarrow
27:34 Forging
30:06 Stone Mining
30:47 Fletching
31:39 Bow Saw
32:34 Iron Casting
36:10 Chain Mail Armor
36:28 Caravan
36:54 Town Watch
37:25 Hand Cart
38:21 Heavy Plow
38:24 Bodkin Arrow
44:08 Imperial Age
Noob_BoT
5:05 Loom
10:03 Feudal Age
10:50 Double-Bit Axe
19:09 Castle Age
17:22 Gold Mining
17:24 Horse Collar
18:09 Stone Mining
20:36 Stone Shaft Mining
20:03 Heavy Plow
20:15 Bow Saw
28:24 Wheelbarrow
32:55 Imperial Age
30:18 Town Watch
32:41 Fletching
32:52 Padded Archer Armor
33:15 Thumb Ring
33:42 Ballistics
34:11 Conscription
34:47 Bodkin Arrow
36:26 Two-Man Saw
36:22 Bracer
36:37 Leather Archer Armor
37:30 Crop Rotation
38:02 Chemistry
38:46 Hand Cart
38:38 Elite Genoese Crossbowman
39:58 Ring Archer Armor
41:09 Bombard Tower
41:02 Masonry
40:48 Murder Holes
41:47 Town Patrol
42:31 Spies/Treason
Connection lost

Rejoining the realm…

Still unreachable

The connection could not be restored.

Session expired

The server has moved on; the page needs a fresh start.